 Dungeon Crawl Stone Soup version 0.19-a0-1341-g3513869 (webtiles) character file.

38846 4thArraOfDagon the Brawler (level 13, -5/111 HPs)
             Began as a Troll Ice Elementalist on Sept 1, 2016.
             Was a High Priest of Sif Muna.
             Slain by an eight-headed hydra (7 damage)
             ... on level 6 of the Lair of Beasts.
             The game lasted 00:52:53 (8674 turns).

4thArraOfDagon the Brawler (Troll Ice Elementalist) Turns: 8674, Time: 00:52:54

Health: -5/111     AC: 13    Str: 17    XL:     13   Next: 66%
Magic:  19/19      EV: 10    Int: 15    God:    Sif Muna [*****.]
Gold:   705        SH:  0    Dex: 10    Spells: 4 memorised, 6 levels left

rFire  . . .     SeeInvis .     k - staff of wizardry {!a}
rCold  + . .     Gourm    +     P - +1 robe {rN+}
rNeg   + . .     Faith    +     (no shield)
rPois  +         Spirit   .     (helmet restricted)
rElec  +         Dismiss  .     h - +2 cloak {rPois}
rCorr  .         Reflect  .     (gloves unavailable)
MR     .....     Harm     .     (boots unavailable)
Stlth  +.........               K - amulet of faith
                                Q - ring of wizardry
                                T - ring of loudness (curse)

@: divine energy
A: unfitting armour, claws 3, horns 1, iridescent scales 1, slimy green scales
1, camouflage 1, cold resistance 1, fast metabolism 3, gourmand, regeneration 1,
shaggy fur 1, electricity resistance, tough skin 2, weak 1, evolution 1
a: Stop Divine Energy, Channel Magic, Forget Spell, Renounce Religion


You were on level 6 of the Lair of Beasts.
You worshipped Sif Muna.
Sif Muna was extremely pleased with you.
You were full.

You visited 3 branches of the dungeon, and saw 22 of its levels.
You also visited: Volcano.

You collected 1866 gold pieces.
You spent 1161 gold pieces at shops.

Inventory:

Hand Weapons
 v - a +0 blowgun
 w - a +0 scythe
Missiles
 z - 8 large rocks (quivered)
Armour
 a - a +0 robe
 h - a +2 cloak of poison resistance (worn)
 j - a +0 cloak
 p - a troll hide
 I - a +2 robe of magic resistance
 O - a +1 robe of magic resistance
 P - a +1 robe of positive energy (worn)
Magical Staves
 k - an uncursed staff of wizardry (weapon) {!a}
 t - an uncursed staff of poison
Jewellery
 K - an amulet of faith (around neck)
 L - an uncursed ring of poison resistance
 Q - a ring of wizardry (right claw)
 T - a cursed ring of loudness (left claw)
Wands
 i - a wand of random effects (34/48)
 m - a wand of flame (0/48)
 o - a wand of iceblast (0/15)
 y - a wand of random effects (24/48)
 A - a wand of iceblast (10/15)
 B - a wand of flame (12/48)
 F - a wand of iceblast (5/15)
 M - a wand of slowing (5/48)
Scrolls
 l - a scroll of enchant armour
 n - a scroll of teleportation
 r - a scroll of random uselessness {unknown}
 s - 4 scrolls of magic mapping
 u - 2 scrolls of blinking {unknown}
 E - 2 scrolls of fog {unknown}
 J - a scroll of recharging
 S - a scroll of summoning {unknown}
 U - a scroll of remove curse
Potions
 e - a potion of curing
 f - 2 potions of cancellation
 g - a potion of mutation
 q - 3 potions of flight
 x - a potion of haste
 C - 3 potions of degeneration
 D - 2 potions of ambrosia
 H - a potion of might
 N - 2 potions of agility
 V - a potion of berserk rage
 W - a potion of brilliance {unknown}
 X - a potion of resistance {unknown}
Books
 b - a book of Frost

   Spells                             Type                      Level
   a - Freeze                         Ice                          1
   b - Throw Frost                    Conjuration/Ice              2
   c - Ozocubu's Armour               Charms/Ice                   3
   d - Throw Icicle                   Conjuration/Ice              4
   e - Summon Ice Beast               Ice/Summoning                4
Comestibles
 c - 4 bread rations
 d - 4 meat rations


   Skills:
 - Level 3.0 Fighting
 - Level 3.1 Dodging
 - Level 1.1 Stealth
 - Level 16.0 Unarmed Combat
 + Level 4.7 Spellcasting
   Level 0.6 Conjurations
 * Level 8.0 Transmutations
 - Level 2.1 Ice Magic
 * Level 9.3 Earth Magic


You had 6 spell levels left.
You knew the following spells:

 Your Spells              Type           Power        Failure   Level  Hunger
a - Freeze                Ice            ##..         2%          1    None
b - Ignite Poison         Fire/Tmut/Pois ##......     5%          3    ###....
c - Statue Form           Tmut/Erth      ####.....    34%         6    #######
d - Blade Hands           Tmut           ####......   5%          5    ######.


Dungeon Overview and Level Annotations

Branches:
Dungeon (14/15)              Lair (6/6) D:11            Orc (2/2) D:10
    Elf (0/3) Orc:2
 Temple: D:4-7        Swamp: Lair:2-4    Shoals: Lair:2-4     Snake: Lair:2-4
 Spider: Lair:2-4     Slime: Lair:5-6    Vaults: D:13-14

Altars:
Elyvilon
Hepliaklqana
Makhleb
Qazlal
Sif Muna
Xom

Shops:
D:13 }??   Orc:2 (*=[

Annotations:
D:3 Sigmund
D:4 4thArraOfDagon's ghost, weakling TrIE
D:13 Erolcha; Rupert


Innate Abilities, Weirdness & Mutations

You are too large for most types of armour.
You have claws for hands.
Your metabolism is lightning-fast.
You like to eat raw meat.
Your natural rate of healing is unusually fast.
You are covered in fur. (AC +1)
You have very tough skin. (AC +2)
You have a pair of small horns on your head.
You are partially covered in iridescent scales. (AC +2)
You are partially covered in slimy green scales. (AC +2)
Your skin changes colour to match your surroundings (Stealth+).
Your flesh is cold resistant. (rC+)
You are resistant to electric shocks. (rElec)
You are weak. (Str -2)
You evolve.


Message History

Unknown command.
Unknown command.
Okay, then.
Unknown command.
Okay, then.
Unknown command.
Okay, then.
Unknown command.
Evoke which item? (* to show all) (? for menu, Esc to quit)
Okay, then.
Unknown command.
Okay, then.
As you read the scroll labeled BALYROU FUTOBB, it crumbles to dust.
It is a scroll of amnesia.
Forget which spell ([?*] list [ESC] exit)?
Forget which spell ([?*] list [ESC] exit)?
Okay, then.
The eight-headed hydra barely misses you.
The eight-headed hydra bites you!
You die...

k≈≈ #≈≈ ≈S≈
#######.. ##
≈H≈≈≈≈P##≈≈
≈P≈≈≈≈≈ #D≈P#
#P@≈#
≈≈≈.≈y.≈≈≈P....
#...H..........
...........F...
...........H...
...........hh..
............h..
...F..........h


You could see an eight-headed hydra, 2 griffons, a sea snake, a wind drake
(fleeing), 2 spiny frogs, a harpy (fleeing), 4 wolves and a wasp.

Vanquished Creatures
  2 orc warlords (Orc:1)
  The ghost of Amnesiac the Severer, a journeyman HOMo of Okawaru (D:10)
  2 centaur warriors (D:13)
  A death yak (Lair:5)
  3 orc high priests
  An ogre mage (Orc:2)
  8 hill giants
  3 deep elf magi
  2 cyclopes
  2 orc knights (Orc:2)
  4 orc sorcerers
  Maurice (D:13)
  3 centaur zombies (D:12)
  6 spiny frogs
  A gargoyle (D:11)
  3 centaur skeletons
  A kobold demonologist (D:11)
  An efreet (D:14)
  A komodo dragon (D:13)
  3 polar bears
  2 two-headed ogres
  5 trolls
  Grinder (D:6)
  6 slime creatures (D:14)
  A blink frog (Lair:5)
  15 yaks
  2 wraiths
  A spriggan (Lair:4)
  A wyvern (D:11)
  3 fire bats (Volcano)
  3 hippogriffs
  3 vampire mosquitoes (D:12)
  A steam dragon (D:10)
  2 hungry ghosts
  Menkaure (D:7)
  A mottled dragon (D:14)
  3 wargs
  A warg (shapeshifter) (D:14)
  A soldier ant (D:14)
  7 water moccasins
  A porcupine (Lair:1)
  27 orc warriors
  5 black bears
  4 ice beasts
  5 sky beasts
  An eye of draining (D:10)
  A phantom (D:9)
  3 necrophages
  A wasp (D:12)
  A wolf (D:9)
  6 centaurs
  8 ogres
  3 crocodiles
  5 big kobolds
  6 giant frogs
  A water moccasin zombie (D:10)
  17 wights
  5 howler monkeys
  5 crimson imps
  A quasit (D:9)
  5 hounds
  A jelly (D:6)
  2 giant frog skeletons
  9 orc priests
  7 iguanas
  11 orc wizards
  12 worker ants
  7 ogre zombies (D:10)
  A hound zombie (D:8)
  A hound skeleton (D:7)
  A worker ant zombie (D:11)
  13 river rats
  6 adders
  2 shadow imps
  An adder zombie (D:7)
  2 giant geckos
  51 orcs
  A giant cockroach (D:3)
  A goblin (D:2)
  A hobgoblin (D:1)
  A quokka (D:8)
  A ball python (D:4)
  2 bats (D:11)
  3 giant newts
  2 goblin skeletons (D:10)
  3 goblin zombies (D:10)
  3 hobgoblin zombies (D:10)
  A jackal zombie (D:6)
  8 kobolds
  15 orc zombies (D:10)
  4 rats
393 creatures vanquished.

Vanquished Creatures (others)
  6 fungi
  2 plants (D:11)
8 creatures vanquished.

Grand Total: 401 creatures vanquished

Notes
Turn   | Place    | Note
-------+----------+-------------------------------------------
     0 | D:1      | 4thArraOfDagon the Troll Ice Elementalist began the quest for the Orb.
     0 | D:1      | Reached XP level 1. HP: 16/16 MP: 1/1
    34 | D:1      | Joat: ouch the amulet was so good at that point
    97 | D:2      | Reached skill level 1 in Unarmed Combat
   130 | D:2      | Reached skill level 2 in Unarmed Combat
   130 | D:2      | Reached XP level 2. HP: 9/24 MP: 2/2
   197 | D:3      | Noticed Sigmund
   273 | D:5      | Entered Level 5 of the Dungeon
   319 | D:4      | Noticed a scorpion
   365 | D:5      | Noticed a sky beast
   442 | D:5      | Killed a sky beast
   442 | D:5      | Reached skill level 4 in Unarmed Combat
   442 | D:5      | Reached XP level 3. HP: 19/31 MP: 3/3
   442 | D:5      | Reached XP level 4. HP: 24/39 MP: 4/4
   448 | D:5      | Gained mutation: You are partially covered in iridescent scales. (AC +2) [mutagenic meat]
   451 | D:5      | Gained mutation: You evolve. [mutagenic meat]
   454 | D:5      | Gained mutation: Your skin changes colour to match your surroundings (Stealth+). [mutagenic meat]
   471 | D:4      | Noticed 4thArraOfDagon's ghost (weakling TrIE)
   511 | D:5      | Turgon: In addition to what we were talking about recently:
   518 | D:5      | 4thArraOfDagon: yea, whatsup
   522 | D:5      | Turgon: I think Sapher introduced tele spamming
   541 | D:6      | Turgon: And cTele spamming
   552 | D:6      | Turgon: He had most highscores for a while iirc
   571 | D:6      | Reached XP level 5. HP: 42/45 MP: 5/5
   622 | D:6      | 4thArraOfDagon: have you checked this?
   622 | D:6      | 4thArraOfDagon: im not sure
   645 | D:7      | Turgon: no, I didn't check
   678 | D:7      | Reached skill level 5 in Unarmed Combat
   772 | D:7      | Noticed a necrophage
   793 | D:7      | Killed a necrophage
   793 | D:7      | Reached skill level 6 in Unarmed Combat
   793 | D:7      | Reached XP level 6. HP: 53/53 MP: 6/6
   821 | D:7      | Found a deep blue altar of Sif Muna.
   824 | D:7      | Became a worshipper of Sif Muna the Loreminder
   825 | D:7      | ok....
   829 | D:7      | Turgon: no
   843 | D:7      | Turgon: Not Sif
   863 | D:7      | Noticed Menkaure
   864 | D:7      | Turgon: That's no goddess for a troll!
   869 | D:7      | Reached skill level 7 in Unarmed Combat
   869 | D:7      | Reached XP level 7. HP: 58/58 MP: 7/7
   874 | D:7      | Killed Menkaure
   874 | D:7      | Reached skill level 8 in Unarmed Combat
   993 | D:6      | Found a hazy altar of Hepliaklqana.
  1109 | D:7      | Reached skill level 9 in Unarmed Combat
  1131 | D:7      | Reached XP level 8. HP: 42/66 MP: 8/8
  1136 | D:7      | Gained mutation: Scrolls take you a little longer to read. [mutagenic meat]
  1226 | D:6      | Noticed Grinder
  1245 | D:6      | Killed Grinder
  1245 | D:6      | Reached skill level 10 in Unarmed Combat
  1403 | D:8      | Reached skill level 11 in Unarmed Combat
  1426 | D:8      | Found a white marble altar of Elyvilon.
  1456 | D:8      | Found a shimmering altar of Xom.
  1470 | D:8      | Reached XP level 9. HP: 34/74 MP: 9/9
  1566 | D:9      | Reached skill level 12 in Unarmed Combat
  1662 | D:9      | Reached skill level 13 in Unarmed Combat
  1746 | D:10     | Entered Level 10 of the Dungeon
  1750 | D:10     | Noticed a hill giant
  2251 | D:10     | Reached XP level 10. HP: 74/81 MP: 10/10
  2275 | D:10     | Found a staircase to the Orcish Mines.
  2313 | D:10     | Noticed a hill giant
  2324 | D:10     | Killed a hill giant
  2324 | D:10     | Reached skill level 14 in Unarmed Combat
  2326 | D:10     | Reached * piety under Sif Muna
  2452 | D:11     | Reached skill level 15 in Unarmed Combat
  2489 | D:11     | Noticed a hill giant
  2514 | D:11     | Noticed a hill giant
  2527 | D:11     | Killed a hill giant
  2534 | D:11     | Killed a hill giant
  2799 | D:12     | Reached XP level 11. HP: 79/88 MP: 11/11
  2865 | D:12     | Gained mutation: You are partially covered in slimy green scales. (AC +2) [evolution]
  2879 | D:12     | Identified the Almanac of Flames
  2884 | D:12     | Learned a level 3 spell: Ignite Poison
  2970 | D:12     | Reached skill level 16 in Unarmed Combat
  2986 | D:12     | Reached skill level 1 in Transmutations
  3012 | D:12     | Noticed a deep elf mage
  3019 | D:12     | Joat: do you still get piety for training magic or only for kills now?
  3022 | D:13     | Found Okinudd's Gadget Boutique.
  3022 | D:13     | Noticed Maurice
  3030 | D:13     | Noticed a centaur warrior
  3040 | D:13     | Killed a centaur warrior
  3056 | D:13     | Learned a level 6 spell: Statue Form
  3066 | D:13     | Joat: ??sif muna
  3068 | D:13     | beem: sif muna[1/5]: God of magic and knowledge. 1*: {channeling} invocation, 2*: miscast effect protection, 4*: {amnesia} invocation, 5*: Gifts {book acquirement}. Piety is gained by training magic skills. Miscast effect protection is piety/160, so guaranteed at 6*.
  3074 | D:13     | Noticed a deep elf mage
  3078 | D:13     | Killed Maurice
  3078 | D:13     | Reached skill level 1 in Fighting
  3081 | D:13     | Noticed a centaur warrior
  3082 | D:13     | Joat: ??sif muna[2]
  3086 | D:13     | beem: sif muna[2/5]: If for some reason you take Sif Muna with no spells. It takes until Spellcasting ~12 (at average [-1] spellcasting apt) to get your first book, for a Monk (free ** piety) and until ~15 for other backgrounds.
  3092 | D:13     | Killed a centaur warrior
  3092 | D:13     | Reached ** piety under Sif Muna
  3092 | D:13     | Reached skill level 1 in Earth Magic
  3101 | D:13     | Killed a deep elf mage
  3102 | D:13     | Found a burning altar of Makhleb.
  3119 | D:13     | Noticed a white ugly thing
  3141 | D:12     | Noticed a four-headed hydra
  3145 | D:12     | Killed a deep elf mage
  3624 | D:14     | Found a stormy altar of Qazlal.
  3624 | D:14     | Noticed a hill giant
  3634 | D:14     | Killed a hill giant
  3931 | D:14     | Reached XP level 12. HP: 104/105 MP: 14/14
  4004 | D:12     | Reached *** piety under Sif Muna
  4205 | D:14     | Noticed a tengu warrior
  4218 | D:14     | Gained mutation: You have a pair of small horns on your head. [evolution]
  4218 | D:14     | Lost mutation: You evolve. [end of evolution]
  4397 | D:14     | Gained mutation: You are weak. (Str -2) [mutagenic meat]
  4400 | D:14     | Gained mutation: You are frail. (-10% HP) [mutagenic meat]
  4403 | D:14     | Gained mutation: You are resistant to electric shocks. (rElec) [mutagenic meat]
  4406 | D:14     | Gained mutation: You evolve. [mutagenic meat]
  4409 | D:14     | Lost mutation: Scrolls take you a little longer to read. [mutagenic meat]
  4418 | D:14     | Lost mutation: You are frail. (-10% HP) [mutagenic meat]
  4508 | D:13     | Noticed Erolcha
  4513 | D:13     | Noticed Rupert
  4516 | D:13     | Found Aplus's Magic Scroll Boutique.
  4523 | D:13     | Bought a scroll of magic mapping for 38 gold pieces
  4523 | D:13     | Bought a scroll of identify for 22 gold pieces
  4523 | D:13     | Bought a scroll of fear for 38 gold pieces
  4523 | D:13     | Bought a scroll of identify for 22 gold pieces
  4523 | D:13     | Bought a scroll of teleportation for 33 gold pieces
  4540 | D:13     | Reached skill level 5 in Earth Magic
  4613 | D:13     | Found Matreget's Magic Scroll Shoppe.
  4616 | D:13     | Bought a scroll of identify for 34 gold pieces
  4616 | D:13     | Bought a scroll of identify for 34 gold pieces
  4616 | D:13     | Bought a scroll of identify for 34 gold pieces
  4616 | D:13     | Bought a scroll of magic mapping for 59 gold pieces
  4616 | D:13     | Bought a scroll of magic mapping for 59 gold pieces
  4616 | D:13     | Bought a scroll of identify for 34 gold pieces
  4616 | D:13     | Bought 2 scrolls of identify for 68 gold pieces
  4616 | D:13     | Bought a scroll of identify for 34 gold pieces
  4906 | D:11     | Reached skill level 5 in Transmutations
  4923 | D:11     | Found a staircase to the Lair.
  4934 | D:11     | Reached **** piety under Sif Muna
  5362 | D:10     | Noticed Amnesiac's ghost (journeyman HOMo)
  5401 | Orc:1    | Entered Level 1 of the Orcish Mines
  5714 | Orc:2    | Entered Level 2 of the Orcish Mines
  5790 | Orc:2    | Noticed an orc high priest
  5871 | Orc:1    | Killed an orc high priest
  5871 | Orc:1    | Reached ***** piety under Sif Muna
  5912 | Orc:2    | Found Seebbiz's Jewellery Boutique.
  5984 | Orc:2    | Bought an uncursed ring of wizardry for 420 gold pieces
  6022 | Orc:2    | Noticed an orc high priest
  6039 | Orc:1    | Killed an orc high priest
  6053 | Orc:2    | Noticed an orc warlord
  6119 | Orc:1    | Killed an orc warlord
  6119 | Orc:1    | Identified Zavvuex's Compendium of Assistive Transmutation (Sif Muna gifted it to you on level 1 of the Orcish Mines)
  6119 | Orc:1    | Received a gift from Sif Muna
  6129 | Orc:1    | Learned a level 5 spell: Blade Hands
  6245 | Orc:2    | Noticed an orc high priest
  6255 | Orc:2    | Killed an orc high priest
  6261 | Orc:2    | Found Guciogeo's Antique Armour Shoppe.
  6297 | Orc:2    | Bought a runed cloak for 148 gold pieces
  6328 | Orc:2    | Noticed an orc warlord
  6652 | Orc:2    | Reached XP level 13. HP: 109/109 MP: 11/17
  6688 | Orc:2    | Found Moawkeod's General Store.
  6697 | Orc:2    | Paralysed by an orc sorcerer for 7 turns
  6735 | Orc:1    | Joat: so close
  6843 | Orc:2    | Paralysed by an orc sorcerer for 6 turns
  7022 | Orc:2    | Bought a potion of agility for 48 gold pieces
  7022 | Orc:2    | Bought a potion of curing for 36 gold pieces
  7178 | Orc:2    | Found a staircase to the Elven Halls.
  7416 | Orc:2    | Found Gumass's Antique Weapon Shop.
  7550 | Orc:2    | Gained mutation: Your flesh is cold resistant. (rC+) [evolution]
  7707 | Orc:1    | Killed an orc warlord
  7856 | D:10     | Killed Amnesiac's ghost
  7865 | D:10     | much better
  7919 | Lair:1   | Entered Level 1 of the Lair of Beasts
  8054 | Lair:5   | Identified Onoof's Volume of Doomed Transmigration (Sif Muna gifted it to you on level 5 of the Lair of Beasts)
  8054 | Lair:5   | Received a gift from Sif Muna
  8248 | Lair:5   | jacquesderrida: Dogen
  8380 | Lair:6   | Entered Level 6 of the Lair of Beasts
  8388 | Lair:6   | Found a dark tunnel.
  8394 | Volcano  | Entered a volcano
  8667 | Lair:6   | Turgon: Holla, water in the volcano (!)
  8673 | Lair:6   | Turgon: First time I saw it
  8673 | Lair:6   | HP: 1/111 [eight-headed hydra (14)]
  8674 | Lair:6   | 4thArraOfDagon: yes
  8674 | Lair:6   | Turgon: 1 HP, as usual in your games :-)
  8674 | Lair:6   | 4thArraOfDagon: :)
  8674 | Lair:6   | Turgon: still enough
  8674 | Lair:6   | 4thArraOfDagon: put your bets on blinking
  8674 | Lair:6   | Joat: wanna bet he lives
  8674 | Lair:6   | 4thArraOfDagon: i put my money on R
  8674 | Lair:6   | Joat: u
  8674 | Lair:6   | Turgon: I put my money on two words
  8674 | Lair:6   | 4thArraOfDagon: :)
  8674 | Lair:6   | Turgon: and three dots
  8674 | Lair:6   | Turgon: and on "Welcome, 4thArraOfDagon the TrIE"
  8674 | Lair:6   | 4thArraOfDagon: ok lets try it
  8674 | Lair:6   | 4thArraOfDagon: lets try to generate more words
  8674 | Lair:6   | Joat: POCSEE IR MUSI = blink obviously
  8674 | Lair:6   | 4thArraOfDagon: ok you win
  8674 | Lair:6   | Turgon: amnesia :-)
  8674 | Lair:6   | 4thArraOfDagon: i forgot
  8674 | Lair:6   | 4thArraOfDagon: !
  8674 | Lair:6   | Turgon: The hydra misses you (6x)
  8674 | Lair:6   | Joat: Xom heals you
  8674 | Lair:6   | Slain by an eight-headed hydra

Vault maps used:
D:1:      lightli_arrival_maybe_door_vault
D:2:      cheibriados_altar_1
D:3:      overflow_temple_1_default, first_bread, uniq_sigmund
D:4:      kiku_gazebo_pond_becter, serial_shops, shop, shop
D:5:      marbit_many_paths
D:6:      lemuel_coloured_pillars_altar, overflow_temple_1_default,
          sigmund_army, uniq_grinder
D:7:      lemuel_doored_altar, uniq_menkaure
D:8:      xom_teletrap_fun, elyvilon_altar_5
D:9:      uniq_erica, uniq_grum
D:10:     zombieorc2_lemuel
D:11:     due_lair_maze_entry_diamond
D:12:     blue_anna_alchemist
D:13:     basic_altar, serial_shops, nicolae_shop_statue_plus, kennysheep_mini,
          shop, yredelemnul_altar_generic, uniq_erolcha, uniq_rupert,
          uniq_kirke, uniq_maurice
D:14:     erik_vaults_1, basic_altar
Lair:2:   statuecave_lemuel, minmay_shoals_entry_beasts
Lair:3:   spider_nest_entry_funnel_web, beast_lair_carwin_9, grunt_megastairs_5
Lair:4:   grunt_forest_stairs_clearing
Lair:5:   boulder_dual_corridor_run, beast_lair_carwin_8, lemuel_fruit_tree
Lair:6:   gammafunk_lair_ancient_temple, slime_altar_2,
          nicolae_volcano_entry_lava_flow
Orc:2:    grunt_orc_gardens, grunt_orc_garden, grunt_orc_garden,
          grunt_orc_garden, grunt_orc_garden
Volcano:  volcano_village

Skill      XL: |  1  2  3  4  5  6  7  8  9 10 11 12 13 |
---------------+----------------------------------------+-----
Unarmed Combat | 2 4 6 7 9 11 13 15 16 | 16.0
Transmutations | 4 6 8 |  8.0
Fighting       | 3 |  3.0
Dodging        | 3 |  3.1
Earth Magic    | 4 7 9 |  9.3
Spellcasting   | 2 3 4 |  4.7
Stealth        | |  1.1
Conjurations   | |  0.6
Ice Magic      | |  2.1

Action                   |  1- 3 |  4- 6 |  7- 9 | 10-12 | 13-15 || total
-------------------------+-------+-------+-------+-------+-------++-------
Melee: Unarmed           |    42 |    72 |   219 |   738 |   229 ||  1300
       Punch             |       |     3 |     8 |    38 |    11 ||    60
       Headbutt          |       |       |       |    41 |    24 ||    65
 Cast: Blade Hands       |       |       |       |     1 |    32 ||    33
       Statue Form       |       |       |       |       |     1 ||     1
Invok: Divine Energy     |       |       |       |     1 |       ||     1
 Abil: End Transformatio |       |       |       |       |     2 ||     2
Evoke: Wand              |       |       |       |    36 |       ||    36
       Box of beasts     |       |       |       |     1 |       ||     1
  Use: Scroll            |     3 |     1 |     3 |    16 |     5 ||    28
       Potion            |       |     1 |     3 |     2 |     2 ||     8
 Stab: Sleeping          |       |     1 |     6 |     2 |       ||     9
       Distracted        |       |     1 |       |       |       ||     1
  Eat: Royal jelly       |     1 |       |       |       |       ||     1
       Chunk             |       |     7 |    18 |    48 |    34 ||   107
       Beef jerky        |       |       |     1 |     1 |       ||     2
       Fruit             |       |       |       |    11 |       ||    11
Armor: Robe              |    17 |    20 |    52 |   176 |    96 ||   361
       Skin              |       |       |       |       |    10 ||    10
Dodge: Dodged            |    33 |    31 |    89 |   214 |    90 ||   457
